 Dungeon Crawl Stone Soup version 0.23-a0-391-g8c51ad5 (webtiles) character file.

207 namelastname112 the Chopper (level 5, -3/46 HPs)
             Began as a Draconian Gladiator on Oct 30, 2018.
             Was an Initiate of Gozag.
             Killed by divine providence
             ... invoked by an orc priest
              (13 damage)
             ... on level 3 of the Dungeon.
             The game lasted 00:03:10 (2701 turns).

namelastname112 the Chopper (Draconian Gladiator)   Turns: 2701, Time: 00:03:11

Health: -3/46      AC:  5    Str: 17    XL:     5   Next: 54%
Magic:  5/5        EV: 13    Int:  8    God:    Gozag
Gold:   401        SH:  0    Dex: 13    Spells: 4/4 levels left

rFire    . . .     SeeInvis .   a - +0 war axe
rCold    . . .     Gourm    .   (no shield)
rNeg     . . .     Faith    .   (armour unavailable)
rPois    .         Spirit   .   b - +0 hat
rElec    .         Reflect  .   (no cloak)
rCorr    .         Harm     .   (no gloves)
MR       .....                  (no boots)
Stlth    +.........             (no amulet)
HPRegen  0.15/turn              q - ring of wizardry
MPRegen  0.09/turn              (no ring)

@: gold aura, very slightly contaminated, invisible
A: unfitting armour, cold-blooded, AC +5
a: Potion Petition, Call Merchant, Bribe Branch, Renounce Religion


You were on level 3 of the Dungeon.
You worshipped Gozag.
Gozag was aware of your devotion.
You were not hungry.

You visited 1 branch of the dungeon, and saw 3 of its levels.

You collected 457 gold pieces.
You paid 56 gold pieces to Gozag.

Inventory:

Hand Weapons
 a - a +0 war axe (weapon)
Missiles
 c - 3 throwing nets (quivered)
Armour
 b - a +0 hat (worn)
Jewellery
 q - a ring of wizardry (left hand)
Scrolls
 f - 2 scrolls of remove curse {unknown}
 g - 2 scrolls of magic mapping {unknown}
 h - a scroll of noise {unknown}
 j - 2 scrolls of amnesia {unknown}
 k - a scroll of teleportation {unknown}
 n - 2 scrolls of identify {unknown}
 p - a scroll of fog {unknown}
 r - a scroll of immolation {unknown}
Potions
 e - a potion of invisibility
 i - a potion of curing
 l - 3 potions of lignification {unknown}
 m - 3 potions of agility {unknown}
 o - 2 potions of might {unknown}
Comestibles
 d - 4 rations


   Skills:
 + Level 3.7 Fighting
 * Level 4.9 Axes
 - Level 1.7 Throwing
 + Level 3.6 Dodging


You had 4 spell levels left.
You didn't know any spells.
Your spell library was empty.

Dungeon Overview and Level Annotations

Branches:
Dungeon (3/15)

Altars:
Gozag
Yredelemnul

Annotations:
D:3 1 runed door, Terence


Innate Abilities, Weirdness & Mutations

Your plain brown scales are hard. (AC +5)
You cannot fit into any form of body armour.
You are cold-blooded and may be slowed by cold attacks.


Message History

The orc closely misses you.
The orc priest mumbles some strange prayers to Beogh against the orc.
The orc writhes in agony!
The orc dies!
The orc priest barely misses you.
Items here: $ )) [ 17 gold pieces; a +0 dagger; a +1 dagger of venom; a +0 robe You hit the orc.
The orc is lightly wounded.
You hit the orc priest but do no damage.
The orc hits you with a +0 mace!
* * * LOW HITPOINT WARNING * * *
The orc priest barely misses you.
You take 7 damage, and have 10/46 hp.
You hit the orc priest but do no damage.
You barely miss the orc. The orc barely misses you.
The orc priest invokes the aid of Beogh against you.
Beogh smites you!
You die...
Your body crumbles into a pile of gold.

#.#..#.....
#.#..####.#
########.#........
#........#.......#
#.################
#.# ..... #.#
###### #.# #.....
#@# #.####
#oo.....# #.#
######### #.# #.#
#.# #.. . ### ##


You could see an orc priest and an orc.

Vanquished Creatures
  An iguana (D:2)
  An orc wizard (D:3)
  8 adders
  3 oozes
  2 worms (D:3)
  3 dart slugs (D:2)
  3 leopard geckos
  An orc (D:3)
  A ball python (D:1)
  5 bats
  3 giant cockroaches
  11 goblins
  2 hobgoblins
  2 jackals (D:3)
  3 kobolds
  A frilled lizard (D:1)
  8 rats
58 creatures vanquished.

Vanquished Creatures (others)
  An orc (D:3)
1 creature vanquished.

Grand Total: 59 creatures vanquished

Notes
Turn   | Place    | Note
-------+----------+-------------------------------------------
     0 | D:1      | namelastname112 the Draconian Gladiator began the quest for
                  | the Orb.
     0 | D:1      | Reached XP level 1. HP: 17/17 MP: 1/1
   378 | D:1      | Reached XP level 2. HP: 19/25 MP: 2/2
   697 | D:2      | Reached XP level 3. HP: 17/30 MP: 3/3
   924 | D:2      | Found a basalt altar of Yredelemnul.
  1093 | D:2      | Reached skill level 4 in Axes
  1247 | D:2      | Found an opulent altar of Gozag.
  1263 | D:2      | Became a worshipper of Gozag Ym Sagoz the Greedy
  1335 | D:2      | Reached XP level 4. HP: 33/38 MP: 4/4
  2070 | D:3      | Reached XP level 5. HP: 43/45 MP: 5/5
  2219 | D:3      | Found a runed door.
  2435 | D:3      | Noticed Terence
  2701 | D:3      | Killed from afar by an orc priest

Vault maps used:
D:1:      dpeg_arrival_long_road, hex_medium
D:2:      nicolae_gozag_seed_capital, lemuel_crystal_altar, first_ration
D:3:      st_stairs_4, uniq_crazy_yiuf_cottage, uniq_terence, uniq_robin

Skill      XL: |  1  2  3 |
---------------+----------+-----
Dodging        | 3 |  3.6
Axes           | 4 |  4.9
Fighting       | 3 |  3.7
Throwing       | |  1.7

Action                   |  1- 3 |  4- 6 || total
-------------------------+-------+-------++-------
Melee: War axe           |    92 |   102 ||   194
       Tailslap          |    10 |    11 ||    21
  Use: Potion            |       |     2 ||     2
 Stab: Sleeping          |     1 |     2 ||     3
       Invisible         |       |     1 ||     1
  Eat: Chunk             |     1 |       ||     1
       Ration            |       |     2 ||     2
Armor: Skin              |    27 |    18 ||    45
Dodge: Dodged            |    86 |    65 ||   151

Table legend:
 A = Non-vault XP
 B = Vault XP
 C = Vault XP percentage of total XP
 D = Non-vault monster count
 E = Vault monster count
 F = Vault count percentage of total count
                 A         B        C        D         E       F
            +---------+---------+-------+---------+---------+-------
      Total |     284 |      12 |   4.1 |      53 |       6 |  10.2
            +---------+---------+-------+---------+---------+-------
        D:1 |      19 |       0 |   0.0 |      11 |       0 |   0.0
        D:2 |     169 |       0 |   0.0 |      28 |       0 |   0.0
        D:3 |      96 |      12 |  11.1 |      14 |       6 |  30.0
            +---------+---------+-------+---------+---------+-------
